 Dungeon Sprint DCSS version 0.20.1-1-g8b1a95d (console) character file.

23306 hilaritas the Severer (level 13, -2/100 HPs)
             Began as a Formicid Fighter on Mar 6, 2018.
             Was the Champion of the Shining One.
             Slain by a snapping turtle (4 damage)
             ... in the Dungeon (Sprint V: "Ziggurat Sprint").
             The game lasted 00:12:53 (1749 turns).

hilaritas the Severer (Formicid Fighter)            Turns: 1749, Time: 00:12:54

Health: -2/100     AC: 16    Str: 31    XL:     13   Next: 34%
Magic:  17/25      EV:  5    Int:  9    God:    the Shining One [******]
Gold:   0          SH: 43    Dex: 10    Spells: 2/12 levels left

rFire    + + .     SeeInvis +   n - +7 executioner's axe (holy)
rCold    + . .     Gourm    .   M - +18 shield of the Gong {rElec rN+ MR+ EV-5}
rNeg     + + +     Faith    +   l - +5 gold dragon scales
rPois    +         Spirit   .   (helmet unavailable)
rElec    +         Reflect  .   R - scarf {repulsion}
rCorr    .         Harm     .   (no gloves)
MR       +++..                  (no boots)
Stlth    ..........             q - amulet of the Ego {Faith rN+}
Regen    0.3/turn               J - +6 ring of strength
MPRegen  0.2/turn               V - ring of Coiss {rF+ MR+}

@: lethally poisoned (-2 -> -15), divine shield, afraid, glowing, studying
Summonings, repel missiles
A: permanent stasis, dig shafts and tunnels, four strong arms, antennae 3,
deformed body, frail 1
a: Dig, Divine Shield, Cleansing Flame, Summon Divine Warrior, Renounce Religion


You were in the Dungeon.
You worshipped the Shining One.
The Shining One was exalted by your worship.
You were not hungry.

You visited 1 branch

Inventory:

Hand Weapons
 m - a +5 battleaxe of electrocution
 n - a +7 executioner's axe of holy wrath (weapon)
 N - the +7 great mace "Firestarter" {inner flame, rF++}
   (You found it in the Dungeon)

   It has been specially enchanted to burn those struck by it, causing extra
   injury to most foes and up to half again as much damage against particularly
   susceptible opponents.
   It greatly protects you from fire.
Armour
 h - a +2 cloak of magic resistance
 l - +5 gold dragon scales (worn)
 M - the +18 shield of the Gong (worn) {rElec rN+ MR+ EV-5}
   (You found it in the Dungeon)

   It affects your evasion (-5).
   It insulates you from electricity.
   It protects you from negative energy.
   It affects your resistance to hostile enchantments.
 R - a scarf of repulsion (worn)
Jewellery
 a - the amulet of Ahaquten {Faith Fragile rN+ Stlth+}
   (You found it in the Dungeon)

   [amulet of faith]

   It allows you to gain divine favour quickly.
   It protects you from negative energy.
   It will be destroyed if unequipped.
   It makes you more stealthy.
 b - the ring of Robustness {AC+8}
   (You found it in the Dungeon)

   [ring of protection]

   It affects your AC (+8).
 j - a ring of the Octopus King {rCorr AC+1 EV+1 Str+1 Int+1 Dex+1}
   (You found it in the Dungeon)

   [ring of resist corrosion]

   It affects your AC (+1).
   It affects your evasion (+1).
   It affects your strength (+1).
   It affects your intelligence (+1).
   It affects your dexterity (+1).
 q - the amulet of the Ego (around neck) {Faith rN+}
   (You found it in the Dungeon)

   [amulet of faith]

   It allows you to gain divine favour quickly.
   It protects you from negative energy.
 F - a +6 ring of dexterity
 G - a +6 ring of dexterity
 H - a +6 ring of intelligence
 I - a +6 ring of intelligence
 J - a +6 ring of strength (left hand)
 K - a +6 ring of strength
 L - an uncursed ring of flight
 O - a +4 ring of evasion
 Q - the ring of Equilibrium {*Slow rF+ MR+ Str+2 SInv}
   (You found it in the Dungeon)

   [ring of protection from magic]

   It affects your strength (+2).
   It protects you from fire.
   It affects your resistance to hostile enchantments.
   It lets you see invisible.
   It may slow you when you take damage.
 S - the amulet of Henotheism {Spirit rElec rPois Str+2}
   (You found it in the Dungeon)

   [amulet of guardian spirit]

   It causes incoming damage to be split between your health and magic.
   It affects your strength (+2).
   It insulates you from electricity.
   It protects you from poison.
 T - the cursed ring of Betoleq {rF+ MR+ EV-2}
   (You found it in the Dungeon)

   [ring of evasion]

   It affects your evasion (-2).
   It protects you from fire.
   It affects your resistance to hostile enchantments.
   It has a curse placed upon it.
 V - the ring of Coiss (right hand) {rF+ MR+}
   (You found it in the Dungeon)

   [ring of protection from magic]

   It protects you from fire.
   It affects your resistance to hostile enchantments.
Wands
 B - a wand of disintegration (7/24)
 C - a wand of iceblast (5/15)
 D - a wand of lightning (5/15)
 E - a wand of acid (5/15)
Scrolls
 s - 4 scrolls of amnesia
 t - 3 scrolls of recharging
 u - 7 scrolls of fog
 v - a scroll of holy word
 w - 5 scrolls of identify
 x - 5 scrolls of remove curse
 y - 2 scrolls of fear
Potions
 d - 6 potions of might
 e - 10 potions of curing
 g - 7 potions of heal wounds
 i - 7 potions of magic
 o - 2 potions of brilliance
 p - 4 potions of resistance
 r - 6 potions of agility
Books
 P - a book of Enchantments

   Spells                             Type                      Level
   a - Cause Fear                     Hexes                        4
   b - Yara's Violent Unravelling     Hexes/Transmutation          5
   c - Silence                        Hexes/Air                    5
   d - Deflect Missiles               Charms/Air                   6
   e - Discord                        Hexes                        8
 Z - a manual of Summonings
Miscellaneous
 c - a lamp of fire
 k - a phantom mirror
 U - a fan of gales
 W - 2 sacks of spiders
 Y - a box of beasts
Comestibles
 f - 5 bread rations
 z - 42 fruits
 A - 4 meat rations


   Skills:
 + Level 13.8 Fighting
 * Level 20.4 Axes
 - Level 10.5 Armour
 - Level 11.3 Dodging
 - Level 10.0 Shields
 * Level 1.9 Summonings
 - Level 16.5 Invocations


You had 2 spell levels left.
You knew the following spells:

 Your Spells              Type           Power        Failure   Level  Hunger
a - Apportation           Tloc           #.....       100%        1    ##.....
b - Summon Small Mammal   Summ           #...         99%         1    ##.....
c - Deflect Missiles      Chrm/Air       #.........   100%        6    #######
d - Swiftness             Chrm/Air       #.......     100%        2    ###....


Dungeon Overview and Level Annotations

Branches:
Dungeon (1/1)

Altars:
Ashenzari
Cheibriados
Dithmenos
Elyvilon
Fedhas
Gozag
Hepliaklqana
Kikubaaqudgha
Makhleb
Nemelex Xobeh
Okawaru
Qazlal
Ru
Sif Muna
Trog
Uskayaw
Vehumet
Xom
Yredelemnul
Zin
The Shining One
Beogh
Jiyva
Lugonu

Annotations:
D 1 transporter


Innate Abilities, Weirdness & Mutations

You cannot be hasted, slowed, berserked, paralysed or teleported.
You can dig through walls and to a lower floor.
Your four strong arms can wield two-handed weapons with a shield.
You have a pair of large antennae on your head. (SInv)
Armour fits poorly on your strangely shaped body.
You are frail. (-10% HP)


Message History

Your angel hits the alligator snapping turtle with a whip of holy wrath!
Your angel hits the alligator snapping turtle but does no damage.
The merfolk javelineer throws a javelin.
GONNNNG!
You block the javelin.
The merfolk javelineer throws a poisoned javelin.
The poisoned javelin hits you!
* * * LOW HITPOINT WARNING * * *
You are poisoned.
The merfolk javelineer throws a javelin.
SHROANNG!
You block the javelin.
The merfolk javelineer throws a steel javelin.
The steel javelin hits you!!
* * * LOW HITPOINT WARNING * * *
The merfolk javelineer throws a javelin.
The javelin hits your angel!
You hear a splash.
The snapping turtle bites you from afar.
You die...

▓▓▓▓▓▓▓▓▓▓▓▓▓▓▓▓▓▓▓▓▓▓▓▓
▓≈≈≈.8©8≈...▓▓.8©8.▓.8©8
▓..≈}|||:|..▓▓.:)[.▓.|.|
▓..[:≈))[}..▓▓.....▓.)..
▓.........≈.▓▓.....▓.)).
▓≈≈≈..Htmtm.▓▓.))).▓....
▓≈...cmmmA≈.▓▓.[...▓....
▓....≈m@..≈.▓▓.....▓..(.
▓≈.▓≈mm.(▓..▓▓▓▓▓▓▓▓▓▓▓▓
▓▓..(▓▓ ▓..8©8...▓..
▓≈≈▓..(.≈▓.≈▓..}[[...▓..
▓≈≈≈..≈.≈≈..▓...|....▓..
▓▓▓▓▓▓▓▓▓▓▓▓▓........▓))
▓....8©8....▓........▓..
▓..))[|..}..▓)▓....▓.▓.▓
▓....}.|....▓.)......▓..
{{{
▓...........▓▓▓▓▓▓▓▓▓▓▓▓
{{{
▓)).........▓...8©8...▓.


You could see an alligator snapping turtle, a merfolk impaler, 6 merfolk
javelineers, a satyr, a snapping turtle, a merfolk, a manticore and a friendly
angel.

Vanquished Creatures
  An orc warlord (D)
  A stone giant (D)
  2 mummy priests (D)
  6 vault guards (D)
  2 hell hogs (D)
  An orc high priest (D)
  A shining eye (D)
  An ugly thing (D)
  A manticore (shapeshifter) (D)
  A faun (shapeshifter) (D)
  A cyclops (D)
  2 manticores (D)
  4 draconians (D)
  A rime drake (shapeshifter) (D)
  5 efreet (D)
  3 yaktaurs (D)
  3 guardian mummies (D)
  A troll (D)
  A queen bee (shapeshifter) (D)
  7 merfolk (D)
  A hippogriff (D)
  A flying skull (D)
  Sigmund (D)
  A wraith (D)
  A basilisk (shapeshifter) (D)
  A human (shapeshifter) (D)
  A neqoxec (D)
  A warg (D)
  2 nagas (D)
  A floating eye (shapeshifter) (D)
  2 water moccasins (D)
  Duvessa (D)
  2 orc warriors (D)
  An ice beast (D)
  4 centaurs (D)
  Blork the orc (D)
  A big kobold (shapeshifter) (D)
  Dowan (D)
  Crazy Yiuf (D)
  5 orc priests (D)
  4 orc wizards (D)
  Jessica (D)
  4 mummies (D)
  An adder (D)
  An adder zombie (D)
  3 ball pythons (D)
  A giant cockroach zombie (D)
  2 fire vortices (D)
92 creatures vanquished.

Vanquished Creatures (collateral kills)
  A yaktaur captain (D)
  3 vault guards (D)
  A yaktaur (D)
5 creatures vanquished.

Vanquished Creatures (others)
  A crimson imp (D)
  2 iron imps (D)
  A white imp (D)
  An ufetubus (D)
5 creatures vanquished.

Grand Total: 102 creatures vanquished

Notes
Turn   | Place    | Note
-------+----------+-------------------------------------------
     0 | D        | hilaritas the Formicid Fighter began the quest for the Orb.
     0 | D        | Reached XP level 1. HP: 18/18 MP: 1/1
     5 | D        | Became a worshipper of the Shining One
    10 | D        | Found a blossoming altar of Fedhas.
    11 | D        | Found a viscous altar of Jiyva.
    11 | D        | Found a transporter.
    11 | D        | Found a hazy altar of Hepliaklqana.
    11 | D        | Found an ancient bone altar of Kikubaaqudgha.
    11 | D        | Found an opulent altar of Gozag.
    11 | D        | Found a corrupted altar of Lugonu.
    17 | D        | Found a deep blue altar of Sif Muna.
    17 | D        | Found a sacrificial altar of Ru.
    17 | D        | Found a bloodstained altar of Trog.
    17 | D        | Found a stormy altar of Qazlal.
    17 | D        | Found an iron altar of Okawaru.
    17 | D        | Found a sparkling altar of Nemelex Xobeh.
    19 | D        | Found a burning altar of Makhleb.
    68 | D        | Reached XP level 2. HP: 24/24 MP: 2/2
    73 | D        | Entered arena 2.
    73 | D        | Found a transporter.
    77 | D        | Reached * piety under the Shining One
    77 | D        | Reached skill level 1 in Invocations
    77 | D        | Reached XP level 3. HP: 26/30 MP: 2/4
    78 | D        | Reached skill level 3 in Axes
    78 | D        | Reached XP level 4. HP: 33/38 MP: 2/6
   118 | D        | Entered arena 3.
   118 | D        | Noticed a merfolk
   118 | D        | Noticed a merfolk
   118 | D        | Noticed a merfolk
   118 | D        | Reached ** piety under the Shining One
   118 | D        | Found a transporter.
   125 | D        | Killed a merfolk
   125 | D        | Reached skill level 6 in Axes
   125 | D        | Reached skill level 10 in Shields
   125 | D        | Reached skill level 5 in Invocations
   125 | D        | Reached XP level 5. HP: 34/46 MP: 6/9
   125 | D        | Reached XP level 6. HP: 38/52 MP: 6/10
   130 | D        | Killed a merfolk
   130 | D        | Reached skill level 8 in Axes
   130 | D        | Reached XP level 7. HP: 24/60 MP: 7/12
   132 | D        | Killed a merfolk
   132 | D        | Reached skill level 9 in Axes
   372 | D        | Entered arena 4.
   372 | D        | Reached *** piety under the Shining One
   372 | D        | Found a transporter.
   376 | D        | Reached skill level 10 in Axes
   376 | D        | Reached XP level 8. HP: 68/68 MP: 12/14
   377 | D        | Reached **** piety under the Shining One
   395 | D        | Learned a level 1 spell: Apportation
   397 | D        | Learned a level 1 spell: Summon Small Mammal
   421 | D        | Entered arena 5.
   421 | D        | Noticed a draconian
   421 | D        | Noticed a draconian
   421 | D        | Noticed a draconian
   421 | D        | Noticed a draconian
   421 | D        | Found a transporter.
   433 | D        | Killed a draconian
   434 | D        | Killed a draconian
   434 | D        | Reached skill level 10 in Invocations
   434 | D        | Reached XP level 9. HP: 81/81 MP: 13/16
   442 | D        | Killed a draconian
   443 | D        | Killed a draconian
   459 | D        | Entered arena 6.
   459 | D        | Noticed a yaktaur
   459 | D        | Reached ***** piety under the Shining One
   459 | D        | Noticed a yaktaur
   459 | D        | Found a transporter.
   465 | D        | Killed a yaktaur
   465 | D        | Reached skill level 5 in Dodging
   465 | D        | Reached skill level 10 in Armour
   466 | D        | Killed a yaktaur
   466 | D        | Reached XP level 10. HP: 62/88 MP: 15/19
   575 | D        | Entered arena 7.
   575 | D        | Noticed Sigmund
   575 | D        | Noticed Jessica
   575 | D        | Noticed Blork the orc
   575 | D        | Noticed Crazy Yiuf
   575 | D        | Noticed Dowan
   575 | D        | Noticed Duvessa
   576 | D        | Found a transporter.
   579 | D        | Killed Crazy Yiuf
   580 | D        | Killed Sigmund
   580 | D        | Killed Jessica
   582 | D        | Killed Duvessa
   584 | D        | Killed Dowan
   584 | D        | Killed Blork the orc
   601 | D        | Got a ring of the Octopus King {rCorr AC+1 EV+1 Str+1 Int+1 Dex+1}
   607 | D        | Got the amulet of the Ego {Faith rN+}
   614 | D        | Entered arena 8.
   615 | D        | Found a transporter.
   838 | D        | Entered arena 9.
   838 | D        | Reached ****** piety under the Shining One
   840 | D        | Found a transporter.
   846 | D        | Identified a +7 executioner's axe of holy wrath (a +5 executioner's axe blessed by the Shining One)
   846 | D        | Received a gift from the Shining One
   852 | D        | Got the amulet of Ahaquten {Faith Fragile rN+ Stlth+}
   862 | D        | Entered arena 10.
   875 | D        | Found a transporter.
   892 | D        | Learned a level 6 spell: Deflect Missiles
   901 | D        | Entered arena 11.
   901 | D        | Noticed a hell hog
   901 | D        | Noticed an efreet
   901 | D        | Noticed an efreet
   901 | D        | Noticed an efreet
   901 | D        | Noticed an efreet
   901 | D        | Noticed a hell hog
   901 | D        | Noticed an efreet
   902 | D        | Found a transporter.
   905 | D        | Killed an efreet
   905 | D        | Reached skill level 10 in Dodging
   905 | D        | Reached skill level 15 in Invocations
   905 | D        | Killed an efreet
   905 | D        | Reached XP level 11. HP: 77/93 MP: 22/22
   906 | D        | Killed a hell hog
   906 | D        | Killed a hell hog
   909 | D        | Reached skill level 11 in Axes
   929 | D        | Got the ring of Equilibrium {*Slow rF+ MR+ Str+2 SInv}
   936 | D        | Identified Bacerie's Volume of Blows and Bruises (You found it in the Dungeon)
   942 | D        | Entered arena 12.
   942 | D        | Noticed an orc warlord
   943 | D        | Noticed an orc high priest
   943 | D        | Noticed a cyclops
   944 | D        | Found a transporter.
   945 | D        | Noticed a sixfirhy
   950 | D        | Killed an orc high priest
   950 | D        | Reached skill level 12 in Axes
   950 | D        | Killed a cyclops
   956 | D        | Killed an orc warlord
   956 | D        | Reached skill level 13 in Axes
   977 | D        | Identified the Papyrus of Focus (You found it in the Dungeon)
   980 | D        | Got the amulet of Henotheism {Spirit rElec rPois Str+2}
  1032 | D        | Entered arena 13.
  1032 | D        | Noticed a death drake
  1032 | D        | Noticed a shining eye
  1032 | D        | a death drake changed into a hippogriff
  1033 | D        | Noticed a deep troll
  1033 | D        | a floating eye changed into a deep troll
  1034 | D        | Noticed a cyan ugly thing
  1035 | D        | Noticed an unseen horror
  1035 | D        | an unseen horror changed into a human
  1035 | D        | Noticed a faun
  1035 | D        | a deep troll changed into a faun
  1035 | D        | Gained mutation: Armour fits poorly on your strangely shaped body. [a shining eye]
  1036 | D        | Noticed an elephant
  1036 | D        | Noticed a manticore
  1036 | D        | an elephant changed into a manticore
  1037 | D        | Found a transporter.
  1037 | D        | Noticed a shock serpent
  1037 | D        | a manticore changed into a shock serpent
  1037 | D        | Gained mutation: You are frail. (-10% HP) [a neqoxec]
  1038 | D        | Reached skill level 14 in Axes
  1040 | D        | Reached XP level 12. HP: 89/91 MP: 17/24
  1040 | D        | a shock serpent changed into a torpor snail
  1043 | D        | Noticed a sea snake
  1043 | D        | a mana viper changed into a sea snake
  1045 | D        | Reached skill level 15 in Axes
  1046 | D        | a sea snake changed into a manticore
  1059 | D        | Got the cursed ring of Betoleq {rF+ MR+ EV-2}
  1065 | D        | Identified the Tome of Dusty Boosts (You found it in the Dungeon)
  1068 | D        | Learned a level 2 spell: Swiftness
  1069 | D        | Got the ring of Coiss {rF+ MR+}
  1075 | D        | Identified Rara's Guide on Sinister Attacks (You found it in the Dungeon)
  1084 | D        | Entered arena 14.
  1085 | D        | Noticed a mummy priest
  1086 | D        | Noticed a mummy priest
  1087 | D        | Found a transporter.
  1088 | D        | Noticed a flayed ghost
  1090 | D        | Noticed a sun demon
  1093 | D        | Reached skill level 16 in Axes
  1094 | D        | Noticed a jiangshi
  1094 | D        | Noticed a shadow wraith
  1095 | D        | Noticed a jiangshi
  1100 | D        | Killed a mummy priest
  1100 | D        | Noticed a soul eater
  1103 | D        | Noticed a shadow wraith
  1107 | D        | Killed a mummy priest
  1107 | D        | Reached skill level 17 in Axes
  1167 | D        | Identified the Incunabulum of Entrancing Black Rites (You found it in the Dungeon)
  1394 | D        | Entered arena 15.
  1395 | D        | Noticed a vault guard
  1395 | D        | Noticed a vault guard
  1395 | D        | Noticed a yaktaur captain
  1395 | D        | Noticed a vault guard
  1395 | D        | Noticed a vault guard
  1395 | D        | Noticed a vault guard
  1396 | D        | Noticed a vault guard
  1396 | D        | Noticed a vault guard
  1397 | D        | Noticed a stone giant
  1397 | D        | Noticed a vault guard
  1397 | D        | Noticed a vault guard
  1398 | D        | Found a transporter.
  1403 | D        | Killed a vault guard
  1406 | D        | Killed a yaktaur captain
  1407 | D        | Killed a vault guard
  1407 | D        | Killed a vault guard
  1407 | D        | Reached skill level 18 in Axes
  1408 | D        | Killed a vault guard
  1408 | D        | Killed a vault guard
  1408 | D        | Killed a vault guard
  1408 | D        | Reached skill level 19 in Axes
  1408 | D        | Reached XP level 13. HP: 39/99 MP: 11/25
  1409 | D        | Killed a stone giant
  1410 | D        | Killed a vault guard
  1411 | D        | Killed a vault guard
  1411 | D        | Reached skill level 20 in Axes
  1414 | D        | Killed a vault guard
  1734 | D        | Entered arena 16.
  1735 | D        | Noticed a merfolk impaler
  1735 | D        | Noticed a merfolk javelineer
  1735 | D        | Noticed a merfolk javelineer
  1735 | D        | Noticed a merfolk javelineer
  1735 | D        | Noticed a merfolk javelineer
  1736 | D        | Noticed a merfolk javelineer
  1736 | D        | Noticed a merfolk javelineer
  1736 | D        | Noticed an alligator snapping turtle
  1737 | D        | Found a transporter.
  1740 | D        | Reached skill level 1 in Summonings
  1748 | D        | HP: 8/100 [merfolk javelineer/javelin (3)]
  1749 | D        | HP: 2/100 [merfolk javelineer/steel javelin (18)]
  1749 | D        | Slain by a snapping turtle

Skill      XL: |  1  2  3  4  5  6  7  8  9 10 11 12 13 |
---------------+----------------------------------------+-----
Armour         | 6 7 10 | 10.5
Shields        | 7 8 10 | 10.0
Invocations    | 1 2 5 7 8 10 12 15 16 | 16.5
Fighting       | 4 6 7 8 11 12 13 | 13.8
Axes           | 3 6 8 10 14 19 20 | 20.4
Dodging        | 5 10 11 | 11.3
Summonings     | 1 |  1.9

Action                   |  1- 3 |  4- 6 |  7- 9 | 10-12 | 13-15 || total
-------------------------+-------+-------+-------+-------+-------++-------
Melee: Executioner's axe |     4 |     7 |    30 |    73 |    10 ||   124
Invok: Divine Shield     |       |       |     3 |     6 |     1 ||    10
       Brand Weapon With |       |       |       |     1 |       ||     1
       Cleansing Flame   |       |       |       |     7 |     1 ||     8
       Summon Divine War |       |       |       |     1 |     1 ||     2
  Use: Potion            |     1 |     1 |       |     3 |     1 ||     6
       Scroll            |       |       |       |     1 |     1 ||     2
  Eat: Chunk             |       |       |       |    12 |     1 ||    13
Armor: Gold dragon scale |     1 |     2 |     4 |    41 |     9 ||    57
Dodge: Dodged            |       |       |     1 |    18 |     3 ||    22
       Deflected         |       |       |       |       |     1 ||     1
Block: Shield            |     9 |    24 |    72 |   211 |    59 ||   375
